 Dungeon Crawl Stone Soup version 0.27-a0-1442-g87b6fcb595 (webtiles) character file.

Game seed: 8759085777737497381

240 avis the Ruffian (level 5, 0/41 HPs)
             Began as a Demigod Transmuter on July 5, 2021.
             Slain by a hornet (4 damage)
             ... while paralysed by a hornet
             ... on level 4 of the Dungeon.
             The game lasted 00:16:09 (3560 turns).

avis the Ruffian (Demigod Transmuter)               Turns: 3560, Time: 00:16:10

Health: 0/41       AC:  2    Str: 15    XL:     5   Next: 50%
Magic:  7/10       EV:  5    Int: 15    God:
Gold:   128        SH:  0    Dex: 19    Spells: 4/8 levels left

rFire    . . .     SeeInvis .     - Unarmed
rCold    . . .     Faith    .   (shield currently unavailable)
rNeg     . . .     Spirit   .   (armour currently unavailable)
rPois    x         Reflect  .   (helmet currently unavailable)
rElec    .         Harm     .   (cloak currently unavailable)
rCorr    .         Rampage  .   (gloves currently unavailable)
Will     .....                  (boots currently unavailable)
Stlth    ++........             (no amulet)
HPRegen  0.13/turn              (no ring)
MPRegen  0.12/turn              (no ring)

@: paralysed, lethally poisoned (0 -> -19), spider-form (expiring)
A: venomous fangs, tiny, high mp 1, forlorn
a: End Transformation


You were on level 4 of the Dungeon.
You were a venomous arachnid creature.
You visited 1 branch of the dungeon, and saw 4 of its levels.

You collected 128 gold pieces.

Inventory:

Missiles
 d - 55 bolts
 f - 81 arrows
 g - 89 stones
 o - a throwing net
Armour
 e - a +0 leather armour (melded)
 i - a +0 helmet (melded)
Scrolls
 b - a scroll of amnesia {unknown}
 h - 2 scrolls of teleportation {unknown}
 k - a scroll of vulnerability {unknown}
 l - a scroll of holy word {unknown}
 m - a scroll of enchant weapon {unknown}
 n - a scroll of blinking {unknown}
 p - a scroll of torment {unknown}
Potions
 j - a potion of cancellation {unknown}
 q - a potion of might {unknown}


   Skills:
 - Level 2.0 Fighting
 - Level 1.7 Dodging
 * Level 4.8 Unarmed Combat
 - Level 2.0 Spellcasting
 - Level 3.0 Transmutations
 - Level 1.0 Poison Magic


You had 4 spell levels left.
You knew the following spells:

 Your Spells              Type           Power      Damage    Failure   Level
a - Beastly Appendage     Tmut           20%        N/A       17%         1
p - Spider Form           Tmut/Pois      3%         N/A       50%         3

Your spell library contained the following spells:

 Spells                   Type           Power      Damage    Failure   Level
 Wereblood                Tmut           10%        N/A       24%         2
 Dazzling Flash           Conj/Hex       2%         N/A       75%         3
 Ice Form                 Ice/Tmut       6%         N/A       89%         4
 Iskenderun's Mystic Bla  Conj/Tloc      1%         2d3       98%         4
 Starburst                Conj/Fire      0%         8x6d3     100%        6


Dungeon Overview and Level Annotations

Branches:
Dungeon (4/15)
 Temple: D:4-7

Shops:
D:1 =

Annotations:
D:3 3 runed translucent doors, Nausicaa's ghost, amateur VSTm


Innate Abilities, Weirdness & Mutations

You are a venomous arachnid creature.
You have poisonous fangs.
You are tiny and dextrous.
Your spellcasting is less reliable in this form.
Your armour is entirely melded.
You are incapable of wielding weapons or throwing items.
Your attributes grow dramatically as you level up.
You have an increased reservoir of magic. (+10% MP)
You shall have no god before yourself.


Message History

Your +0 helmet unmelds from your body.
Your +0 leather armour unmelds from your body.
A giant cockroach comes into view.
The giant cockroach bites you but does no damage.
Casting: Spider Form (quite dangerous; 34% risk of failure)
Confirm with . or Enter, or press ? or * to list all spells.
You grow a pair of large bovine horns.
Your feet morph into talons.
Your +0 helmet melds into your body.
The giant cockroach misses you.
You hit the giant cockroach. You headbutt the giant cockroach.
You kill the giant cockroach!
Your transformation is almost over.
Found 12 stones.
Your horns disappear.
Your talons disappear.
Your +0 helmet unmelds from your body.
A hornet comes into view.
The hornet buzzes angrily.
Casting: Beastly Appendage (safe; 8% risk of failure)
Confirm with . or Enter, or press ? or * to list all spells.
The spell is quite dangerous to cast (34% risk of failure)!
Continue anyway?
You turn into a venomous arachnid creature.
Your +0 helmet melds into your body.
Your +0 leather armour melds into your body.
The hornet barely misses you.
You hit the hornet but do no damage.
The hornet is poisoned.
The hornet stings you but does no damage.
You hit the hornet.
The hornet looks as sick as possible!
The hornet is lightly wounded.
The hornet barely misses you.
You hit the hornet.
The hornet is moderately wounded.
Your transformation is almost over.
The hornet stings you!
You suddenly lose the ability to move!
The hornet stings you!
* * * LOW HITPOINT WARNING * * *
You are lethally poisoned!
You shrug off the repeated paralysis!
* * * LOW HITPOINT WARNING * * *
You feel very sick. The hornet stings you.
You die...

###...# ##...#
##.## #..## #†#
#..##
#.##########
##..#
#..........##
#..#
###.#.#.##..#
#..# ######.##.#
#..# #.#.#.##..#
#..# ##.#.##s.##
###.. #.#####y##
##...# ##.# #(.
###....# .# ##..
###......# .. .##
##...###...
############..###
#...
#.......#..###
#...
##.........##
##.. #........###
#..


You could see a hornet (very poisoned).

Vanquished Creatures
  A scorpion (D:4)
  A howler monkey (D:4)
  A jelly (D:3)
  5 adders
  An adder skeleton (D:3)
  2 dart slugs
  2 endoplasms (D:1)
  A giant cockroach (D:4)
  6 goblins
  6 hobgoblins
  7 jackals
  8 kobolds
  3 quokkas (D:1)
  7 ball pythons
  6 bats
  A frilled lizard (D:1)
  4 rats (D:1)
62 creatures vanquished.

Notes
Turn   | Place    | Note
-------+----------+-------------------------------------------
     0 | D:1      | avis the Demigod Transmuter began the quest for the Orb.
     0 | D:1      | Reached XP level 1. HP: 15/15 MP: 5/5
    46 | D:1      | Reached skill level 3 in Unarmed Combat
   164 | D:1      | Found Teunuw's Jewellery Boutique.
   239 | D:1      | Reached XP level 2. HP: 15/22 MP: 5/7
  1146 | D:2      | Reached skill level 4 in Unarmed Combat
  1146 | D:2      | Reached XP level 3. HP: 13/27 MP: 6/8
  1151 | D:2      | Learned a level 3 spell: Spider Form
  1371 | D:2      | Reached skill level 1 in Poison Magic
  1448 | D:2      | Reached skill level 1 in Fighting
  1904 | D:2      | Reached XP level 4. HP: 14/35 MP: 7/9
  2497 | D:3      | Found a runed translucent gate.
  2501 | D:3      | Found a runed translucent gate.
  2501 | D:3      | Found a runed translucent gate.
  2502 | D:3      | Noticed Nausicaa's ghost (amateur VSTm)
  3225 | D:4      | Reached XP level 5. HP: 7/41 MP: 6/10
  3555 | D:4      | Noticed a hornet
  3559 | D:4      | Paralysed by a hornet for 1 turns
  3560 | D:4      | Slain by a hornet

Illustrated notes

Levels and vault maps discovered:
D:1:      dpeg_arrival_rooms_c, layout_rooms, serial_shops, nicolae_shop_trees
D:2:      layout_loops_ring, basic_altar
D:3:      layout_basic, gammafunk_ghost_necromancy
D:4:      minmay_clustersquares, layout_cave_pods, minmay_small_thing

Skill      XL: |  1  2  3  4 |
---------------+-------------+-----
Unarmed Combat | 3 4 |  4.8
Transmutations | 2 3 |  3.0
Poison Magic   | 1 |  1.0
Spellcasting   | 2 |  2.0
Fighting       | 1 2 |  2.0
Dodging        | |  1.7

Action                   |  1- 3 |  4- 6 || total
-------------------------+-------+-------++-------
Melee: Unarmed           |   123 |    42 ||   165
       Kick              |    30 |     9 ||    39
       Headbutt          |    12 |     8 ||    20
 Cast: Beastly Appendage |    29 |    18 ||    47
       Spider Form       |       |     2 ||     2
  Use: Potion            |       |     2 ||     2
 Stab: Sleeping          |       |     2 ||     2
Armor: Robe              |    15 |       ||    15
       Leather armour    |     7 |     4 ||    11
       Skin              |       |     1 ||     1
Dodge: Dodged            |    64 |    20 ||    84

Table legend: (Time is in decaauts)
 A = Elapsed time spent in this place.
 B = Non-inter-level travel time spent in this place.
 C = Inter-level travel time spent in this place.
 D = Time resting spent in this place.
 E = Time spent auto-exploring this place.
 F = Levels seen in this place.
 G = Mean time per level.
                   A        B        C        D        E       F      G
               +--------+--------+--------+--------+--------+-----+--------+
         Total |   3553 |   3325 |    228 |    964 |   1654 |   4 |  888.2 |
       Dungeon |   3553 |   3325 |    228 |    964 |   1654 |   4 |  888.2 |
               +--------+--------+--------+--------+--------+-----+--------+

Top non-repeatable levels by time:
     D:2: 1150 daAuts
     D:1: 1064 daAuts
     D:3: 780 daAuts
     D:4: 558 daAuts
